 Dungeon Crawl Stone Soup version 0.18-a0 (webtiles) character file.

532 Jojje the Ducker (level 7, -7/67 HPs)
             Began as a Troll Fighter on Oct 30, 2015.
             Mangled by Prince Ribbit (18 damage)
             ... on level 5 of the Dungeon.
             The game lasted 00:23:14 (2748 turns).

Jojje the Ducker (Troll Fighter)                    Turns: 2748, Time: 00:23:14

Health: -7/67      AC:  5    Str: 29      XL:     7   Next: 3%
Magic:  6/6        EV:  9    Int:  3 (4)  God:
Gold:   31         SH:  9    Dex:  9      Spells: 0 memorised, 6 levels left

rFire  . . .     SeeInvis +     g - +2 long sword
rCold  . . .     Clarity  +     b - +0 robe
rNeg   . . .     SustAt   .     c - +0 shield
rPois  .         Gourm    +     (helmet restricted)
rElec  .         Spirit   .     (no cloak)
rCorr  .         Warding  .     (gloves unavailable)
rMut   .         Stasis   .     (boots unavailable)
MR     .....                    (no amulet)
Stlth  +.........               (no ring)
                                k - ring of see invisible

@: not resistant to hostile enchantments, very unstealthy
A: unfitting armour, claws 3, clarity, fast metabolism 3, gourmand, regeneration
2, shaggy fur 1, strong 1, tough skin 2
a: no special abilities


You were on level 5 of the Dungeon.
You were not hungry.

You visited 1 branch of the dungeon, and saw 5 of its levels.

You collected 146 gold pieces.
You spent 115 gold pieces at shops.

Inventory:

Hand Weapons
 a - a +0 flail
 g - a +2 long sword (weapon)
 i - a +0 club
 q - a cursed -2 rapier
Armour
 b - a +0 robe (worn)
 c - a +0 shield (worn)
 j - a +0 ring mail
 r - a +0 leather armour
Jewellery
 k - a ring of see invisible (left claw)
Wands
 f - a wand of flame (15)
Scrolls
 l - a scroll of fog
 s - 3 scrolls of identify
 v - a scroll of enchant armour {unknown}
Potions
 h - 2 potions of brilliance
 m - 3 potions of poison
 n - a potion of mutation
 w - a potion of degeneration
 x - a potion of haste {unknown}
Books
 e - a Fen Folio

   Spells                             Type                      Level
   a - Corpse Rot                     Necromancy                   2
   b - Stone Arrow                    Conjuration/Earth            3
   c - Leda's Liquefaction            Hexes/Earth                  4
   d - Summon Forest                  Summoning/Translocation      5
   e - Hydra Form                     Transmutation                6
   f - Summon Hydra                   Summoning                    7
 t - a book of Envenomations

   Spells                             Type                      Level
   a - Spider Form                    Transmutation/Poison         3
   b - Alistair's Intoxication        Transmutation/Poison         4
   c - Olgreb's Toxic Radiance        Poison                       4
   d - Poisonous Cloud                Conjuration/Poison/Air       6
 u - an Akashic Record

   Spells                             Type                      Level
   a - Dispersal                      Translocation                6
   b - Malign Gateway                 Summoning/Translocation      7
   c - Disjunction                    Translocation                8
   d - Controlled Blink               Translocation                8
Comestibles
 d - 5 fruits
 o - a bread ration


   Skills:
 + Level 3.5 Fighting
 + Level 1.2 Long Blades
 + Level 2.9 Maces & Flails
 + Level 4.6 Dodging
 + Level 0.4 Stealth
 + Level 3.6 Shields


You had 6 spell levels left.
You didn't know any spells.

Dungeon Overview and Level Annotations

Branches:
Dungeon (5/15)             Temple (0/1) D:4

Altars:
Gozag
Okawaru

Shops:
D:4 ?

Annotations:
D:5 Prince Ribbit


Innate Abilities, Weirdness & Mutations

You are too large for most types of armour.
You have claws for hands.
Your metabolism is lightning-fast.
You like to eat raw meat.
You heal very quickly.
You are covered in fur (AC +1).
You have very tough skin (AC +2).
You possess an exceptional clarity of mind.
Your muscles are strong. (Str +2)


Message History

Prince Ribbit is lightly wounded.
Prince Ribbit blinks!
You block Prince Ribbit's attack.
Prince Ribbit momentarily phases out as your attack passes through him.
Prince Ribbit is lightly wounded.
Prince Ribbit hits you! Prince Ribbit hits you. Prince Ribbit hits you.
* * * LOW HITPOINT WARNING * * *
You miss Prince Ribbit.
Prince Ribbit is lightly wounded.
Prince Ribbit hits you.
* * * LOW HITPOINT WARNING * * *
You feel better. Prince Ribbit hits you!
* * * LOW HITPOINT WARNING * * *
You block Prince Ribbit's attack.
You hit Prince Ribbit.
Prince Ribbit is moderately wounded.
Prince Ribbit hits you.
* * * LOW HITPOINT WARNING * * *
Prince Ribbit hits you!!
You die...

##### #### ##....
...........###
.............#
.............#####
.................
.............#.###
#..............F.#
...###.......#.#@#
...+.........#.#.#
...#.........#.#.....#
...#...........#####.#
...'...........#
...#...........#
...######...##.# ...#
#....#.# ...+ .....#.#


You could see Prince Ribbit.

Vanquished Creatures
  The ghost of Rationalist the Skirmisher, an amateur DsBe of Trog (D:3)
  A giant frog zombie (D:5)
  A hound (D:4)
  Ijyb (D:3)
  A giant frog skeleton (D:4)
  2 iguanas
  A worker ant (D:5)
  A hound zombie (D:3)
  4 gnolls (D:4)
  9 adders
  A worm (D:4)
  6 orcs
  A ball python (D:1)
  2 giant cockroaches
  6 hobgoblins
  4 jackals (D:1)
  5 bats
  4 giant geckos
  4 giant newts
  9 goblins
  4 kobolds
  3 quokkas
  8 rats
79 creatures vanquished.

Notes
Turn   | Place    | Note
--------------------------------------------------------------
     0 | D:1      | Jojje the Troll Fighter began the quest for the Orb.
     0 | D:1      | Reached XP level 1. HP: 22/22 MP: 0/0
   242 | D:1      | Reached XP level 2. HP: 26/29 MP: 1/1
   829 | D:2      | Reached XP level 3. HP: 36/36 MP: 2/2
   995 | D:2      | Reached skill level 3 in Dodging
  1099 | D:2      | Reached XP level 4. HP: 41/44 MP: 3/3
  1103 | D:2      | Gained mutation: Your muscles are strong. (Str +2) [potion of mutation]
  1103 | D:2      | Gained mutation: You possess an exceptional clarity of mind. [potion of mutation]
  1463 | D:3      | Noticed Rationalist's ghost (amateur DsBe)
  1486 | D:3      | Killed Rationalist's ghost
  1486 | D:3      | Reached XP level 5. HP: 41/53 MP: 4/4
  1487 | D:3      | Found an iron altar of Okawaru.
  1522 | D:3      | Found an opulent altar of Gozag.
  1548 | D:3      | Noticed Ijyb
  1571 | D:3      | Killed Ijyb
  1571 | D:3      | Reached XP level 6. HP: 19/61 MP: 5/5
  1991 | D:4      | Reached skill level 4 in Dodging
  2175 | D:4      | Found a staircase to the Ecumenical Temple.
  2219 | D:4      | Reached skill level 1 in Long Blades
  2513 | D:4      | Found Egod's Magic Scroll Shoppe.
  2588 | D:4      | Bought a scroll of identify for 20 gold pieces
  2588 | D:4      | Bought a scroll of identify for 20 gold pieces
  2588 | D:4      | Bought a scroll of enchant weapon for 75 gold pieces
  2603 | D:5      | Entered Level 5 of the Dungeon
  2728 | D:5      | Noticed Prince Ribbit
  2738 | D:5      | Reached XP level 7. HP: 42/67 MP: 6/6
  2748 | D:5      | Mangled by Prince Ribbit

Vault maps used:
D:1:      shiori_arrival_maze
D:2:      dk_vineyard_3, minmay_misc_feat_rows, st_stairs_13
D:3:      okawaru_ov_weapons_minmay, old_standard_altar,
          kennysheep_generic_room_10, uniq_iyjb
D:4:      minmay_temple_entry_glassed_door, serial_shops, nicolae_shop_trees,
          first_bread, minmay_bad_closet
D:5:      tgw_trog, uniq_prince_ribbit1, uniq_sigmund

Action                   |  1- 3 |  4- 6 |  7- 9 || total
-------------------------+-------+-------+-------++-------
Melee: Flail             |   117 |    31 |       ||   148
       Long sword        |       |   196 |     5 ||   201
  Use: Potion            |     4 |    10 |     1 ||    15
       Scroll            |     2 |     5 |       ||     7
  Eat: Bread ration      |     2 |     3 |       ||     5
       Fruit             |       |     4 |       ||     4
       Pizza             |       |     1 |       ||     1
